 Dungeon Crawl Stone Soup version bcrawl-1.21 (webtiles) character file.

Game seed: 15902454814191637543

177 Mrkan the Cudgeler (level 5, -2/47 HPs)
             Began as a Minotaur Fighter on Feb 11, 2020.
             Succumbed to Sigmund's poison
             ... on level 3 of the Dungeon.
             The game lasted 00:02:45 (2394 turns).

Mrkan the Cudgeler (Minotaur Fighter)               Turns: 2394, Time: 00:02:45

Health: -2/47      AC:  9    Str: 20    XL:     5   Next: 30%
Magic:  4/4        EV:  5    Int:  5    God:
Gold:   119        SH:  9    Dex: 11    Spells: 4/4 levels left

rFire    . . .     SeeInvis .   a - +0 flail
rCold    . . .     Gourm    .   c - +0 shield
rNeg     . . .     Faith    .   k - +0 chain mail
rPois    .         Spirit   .   (helmet restricted)
rElec    .         Reflect  .   (no cloak)
rCorr    .         Harm     .   (no gloves)
MR       .....                  (no boots)
Stlth    ..........             (no amulet)
HPRegen  0.15/turn              (no ring)
MPRegen  0.09/turn              (no ring)

@: lethally poisoned (-2 -> -34)
A: retaliatory headbutt, horns 2
a: no special abilities


You were on level 3 of the Dungeon.
You were not hungry.

You visited 1 branch of the dungeon, and saw 3 of its levels.

You collected 119 gold pieces.

Inventory:

Hand Weapons
 a - a +0 flail (weapon)
Armour
 c - a +0 shield (worn)
 k - a +0 chain mail (worn)
Scrolls
 b - a scroll of fear {unknown}
 f - 4 scrolls of teleportation {unknown}
 h - 2 scrolls of immolation {unknown}
 l - a scroll of enchant weapon {unknown}
 m - a scroll of blinking {unknown}
 n - a scroll of enchant armour {unknown}
 o - a scroll of amnesia {unknown}
 p - 2 scrolls of remove curse {unknown}
Potions
 d - a potion of might
 g - 2 potions of curing {unknown}
 i - a potion of cancellation {unknown}
 j - a potion of lignification {unknown}
 q - a potion of brilliance {unknown}
Comestibles
 e - 6 rations {!d}
 r - a chunk of flesh


   Skills:
 + Level 4.5 Fighting
 * Level 4.6 Maces & Flails
 + Level 4.6 Armour
 + Level 4.5 Shields


You had 4 spell levels left.
You didn't know any spells.
Your spell library was empty.

Dungeon Overview and Level Annotations

Branches:
Dungeon (3/12)

Altars:
Vehumet
Zin

Annotations:
D:3 Sigmund


Innate Abilities, Weirdness & Mutations

You reflexively headbutt those who attack you in melee.
You have a pair of horns on your head.


Message History

You closely miss something.
You feel sick. Something hits you!
You are more poisoned.
You completely miss something.
You feel sick. Something hits you.
You are more poisoned.
You bump into the rock wall.
You feel less confused.
* * * LOW HITPOINT WARNING * * *
You feel very sick.
You closely miss something. You headbutt something.
* * * LOW HITPOINT WARNING * * *
You feel very sick. Something hits you but does no damage.
Your shield and chain mail prevent you from hitting something.
You headbutt something!
* * * LOW HITPOINT WARNING * * *
You feel very sick. Something hits you!
* * * LOW HITPOINT WARNING * * *
You closely miss something. You headbutt something.
You die...

............ ............
.............
.............. .### #
.............. ......
.##.............. ..# ..#
#................ #(..
#.##................ ..#
#.@{# #######.###. #.##...#
#####.# #. #.....# #.....#
#. #.†...##########.###.
#.#..................
..#####.†...##############.
........#.### #.
#..######.# #. ... #.


There were no monsters in sight!

Vanquished Creatures
  Natasha (twice) (D:3)
  A gnoll (D:3)
  3 adders
  An ooze (D:3)
  2 worms
  A dart slug (D:1)
  4 leopard geckos
  2 orcs (D:2)
  2 ball pythons
  A giant cockroach (D:2)
  6 goblins
  13 hobgoblins
  4 jackals (D:3)
  6 kobolds
  5 quokkas
  4 bats
  8 frilled lizards
  5 rats
70 creatures vanquished.

Notes
Turn   | Place    | Note
-------+----------+-------------------------------------------
     0 | D:1      | Mrkan the Minotaur Fighter began the quest for the Orb.
     0 | D:1      | Reached XP level 1. HP: 19/19 MP: 0/0
    84 | D:1      | Reached XP level 2. HP: 19/27 MP: 1/1
   342 | D:1      | Reached XP level 3. HP: 32/33 MP: 2/2
  1775 | D:2      | Reached XP level 4. HP: 40/40 MP: 3/3
  1793 | D:2      | Found a glowing silver altar of Zin.
  2053 | D:3      | Found a radiant altar of Vehumet.
  2213 | D:3      | Noticed Natasha
  2218 | D:3      | Killed Natasha
  2297 | D:3      | Noticed Natasha
  2302 | D:3      | Killed Natasha
  2302 | D:3      | Reached XP level 5. HP: 47/47 MP: 4/4
  2344 | D:3      | Noticed Sigmund
  2393 | D:3      | HP: 2/47 [something (7)]
  2394 | D:3      | Succumbed to Sigmund's poison

Skill      XL: |  1  2  3  4 |
---------------+-------------+-----
Maces & Flails | 3 4 |  4.6
Fighting       | 4 |  4.5
Armour         | 4 |  4.6
Shields        | 4 |  4.5

Action                   |  1- 3 |  4- 6 || total
-------------------------+-------+-------++-------
Melee: Flail             |   127 |    68 ||   195
       Headbutt          |    12 |    17 ||    29
  Eat: Chunk             |     3 |     2 ||     5
Armor: Scale mail        |    27 |       ||    27
       Chain mail        |    34 |    30 ||    64
Dodge: Dodged            |    40 |    15 ||    55
Block: Shield            |    83 |    38 ||   121
